 Dungeon Crawl Stone Soup version 0.32-a0-614-gd166fa89d2 (webtiles) character file.

Game seed: 15419253951548153702

3100 Dirtsage the Martial Artist (level 9, 0/69 (71) HPs)
             Began as a Demonspawn Monk on Mar 5, 2024.
             Was a Priest of Wu Jian.
             Slain by a wight
             ... wielding a +0 halberd
              (2 damage)
             ... on level 8 of the Dungeon.
             The game lasted 00:16:15 (6314 turns).

Dirtsage the Martial Artist (Demonspawn Monk)       Turns: 6314, Time: 00:16:15

HP:   0/69 (71)     AC: 18    Str: 16    XL:     9   Next: 59%
MP:   9/9           EV:  8    Int: 10    God:    Wu Jian [***...]
Gold: 283           SH:  0    Dex: 16    Spells: 8/8 levels left

rFire   . .          .
                       - Unarmed
rCold   + . .        c - orb {light}
rNeg    . . .        o - +0 chain mail
rPois   .            d - +0 helmet
rElec   .            z - +2 cloak {Will+}
rCorr   .            (no gloves)
SInv    .            (no boots)
Will    +....        e - amulet of magic regeneration Stlth
                     E - +4 ring of protection
HPRegen 0.31/turn    I - ring of protection from cold
MPRegen 0.51/turn

%: no passive effects
@: slowed, glowing, lightly drained, very slow
A: claws 1, powered by death 1, sharp scales 2, demonic magic 1
a: Renounce Religion, Wall Jump, Serpent's Lash


You were on level 8 of the Dungeon.
You worshipped Wu Jian.
Wu Jian was most pleased with you.
You visited 2 branches of the dungeon, and saw 9 of its levels.

You collected 335 gold pieces.
You spent 52 gold pieces at shops.

Inventory:

Armour
 c - an orb of light (worn)
 d - a +0 helmet (worn)
 o - a +0 chain mail (worn)
 v - a +0 crystal plate armour
 z - a +2 cloak of willpower (worn)
Magical Staves
 G - a staff of conjuration
Jewellery
 e - an amulet of magic regeneration (around neck)
 h - a ring of fire
 C - a ring of resist corrosion
 E - a +4 ring of protection (left claw)
 I - a ring of protection from cold (right claw)
 P - a ring of poison resistance
Talismans
 n - a granite talisman
Wands
 A - a wand of polymorph (11)
 F - a wand of paralysis (7)
Scrolls
 a - 2 scrolls of revelation
 f - a scroll of poison
 g - 2 scrolls of fear
 i - 2 scrolls of identify
 j - 3 scrolls of enchant weapon {unknown}
 k - a scroll of blinking {unknown}
 r - a scroll of silence {unknown}
 s - a scroll of fog {unknown}
 t - 2 scrolls of teleportation
 x - 2 scrolls of torment {unknown}
 y - 2 scrolls of summoning {unknown}
 B - a scroll of amnesia {unknown}
Potions
 b - a potion of ambrosia
 l - a potion of heal wounds
 m - 2 potions of invisibility
 p - a potion of enlightenment {unknown}
 q - 3 potions of curing
 u - 2 potions of magic
 w - a potion of brilliance
 D - a potion of attraction {unknown}


   Skills:
 + Level 6.6 Fighting
 + Level 1.7 Armour
 + Level 3.3 Dodging
 * Level 9.7 Unarmed Combat
 + Level 4.7 Shapeshifting


You had 8 spell levels left.
You didn't know any spells.
Your spell library contained the following spells:

 Spells                   Type           Power      Damage    Failure   Level
 Slow                     Hex            0%         N/A       99%         1
 Static Discharge         Conj/Air       0%         3-3/arc   100%        2
 Confusing Touch          Hex            0%         N/A       100%        3
 Gell's Gravitas          Tloc           0%         N/A       100%        3
 Sigil of Binding         Hex            0%         N/A       100%        3
 Teleport Other           Tloc           0%         N/A       100%        3
 Vampiric Draining        Necr           0%         2d6       100%        3
 Airstrike                Air            0%         2d(0-16)  100%        4
 Summon Lightning Spire   Summ/Air       0%         N/A       100%        4
 Dispersal                Tloc           0%         N/A       100%        6


Dungeon Overview and Level Annotations

Branches:
Dungeon (8/15)             Temple (1/1) D:4
   Lair: D:8-11

Altars:
Ashenzari
Cheibriados
Dithmenos
Hepliaklqana
Kikubaaqudgha
Nemelex Xobeh
Okawaru
Qazlal
Ru
Sif Muna
Trog
Uskayaw
Vehumet
Wu Jian
Xom

Shops:
D:2 *   D:3 (

Annotations:
D:5 Eustachio


Innate Abilities, Weirdness & Mutations

You have sharp fingernails.
You regenerate a little health from kills.
You are mostly covered in razor-sharp scales. (AC +2, Slay +2)
Spells you cast may paralyse adjacent enemies.


Message History

The hornet closely misses you. The hornet stings you.
You are more poisoned.
You feel as though you will be slow longer.
You take 4 damage, and have 35/71 hp.
You scratch the hornet.
The hornet is almost dead.
You feel very sick. The hornet barely misses you.
You take 6 damage, and have 29/71 hp.
You barely miss the hornet.
The hornet is almost dead.
You feel very sick.
The hornet stings you but does no damage. x2
You take 4 damage, and have 25/71 hp.
You barely miss the hornet.
The hornet is almost dead.
You feel very sick.
The hornet stings you but does no damage. x2
The wight completely misses you.
You take 3 damage, and have 22/71 hp.
You closely miss the hornet.
The hornet is almost dead.
You feel very sick. The hornet stings you.
* * * LOW HITPOINT WARNING * * *
You are lethally poisoned!
You feel as though you will be slow longer.
The wight barely misses you.
The hornet stings you but does no damage.
You take 8 damage, and have 14/71 hp.
You feel better. The hornet stings you.
* * * LOW HITPOINT WARNING * * *
You feel as though you will be slow longer.
The wight closely misses you. The hornet stings you.
* * * LOW HITPOINT WARNING * * *
You feel as though you will be slow longer.
The wight hits you from afar with a +0 halberd!
* * * LOW HITPOINT WARNING * * *
You feel drained.
You die...

.................#.......#
..........##.....#.......#
..........##....>#.......#
.................#.......####
.................#...........
..........##..<..#..........z
..........########z..........
...........'.....yz..........
..........†#....@#.......####
..........##.....#.......#
..........###'####.......#
...........#.....#.......#
...........#.....#)......#
...........#.....#.......#
...........#.....#.......+
..........##.....#...##..#
..........##.......ß..##.#


You could see a hornet and 2 wights.

Vanquished Creatures
  2 wyverns
  A yak (D:8)
  A vampire (D:6)
  A steam dragon (D:8)
  3 water moccasins
  Duvessa (D:5)
  An orc warrior (D:8)
  2 ice beasts (D:5)
  3 centaurs
  3 bullfrogs
  4 scorpions
  3 wights (D:6)
  Dowan (D:5)
  A bombardier beetle (D:3)
  4 jellies
  Crazy Yiuf (D:6)
  3 orc priests
  A gnoll bouda (D:7)
  3 hounds
  2 sleepcaps
  4 iguanas
  Natasha (thrice) (D:2)
  An orc wizard (D:4)
  Robin (D:2)
  6 adders
  5 gnolls (D:7)
  A shadow imp (D:7)
  A white imp (D:5)
  14 orcs
  5 bats
  9 endoplasms
  6 giant cockroaches
  14 goblins
  11 hobgoblins
  3 jackals (D:4)
  5 kobolds
  5 quokkas
  6 ball pythons
  3 frilled lizards
  6 rats
150 creatures vanquished.

Notes
Turn   | Place    | Note
-------+----------+-------------------------------------------
     0 | D:1      | Dirtsage the Demonspawn Monk began the quest for the Orb.
     0 | D:1      | Reached XP level 1. HP: 18/18 MP: 1/1
    17 | D:1      | Reached skill level 3 in Unarmed Combat
    73 | D:1      | Gained mutation: Spells you cast may paralyse adjacent
                  | enemies. [demonic ancestry]
    73 | D:1      | Reached XP level 2. HP: 17/24 MP: 2/2
   413 | D:1      | Reached XP level 3. HP: 29/29 MP: 3/3
   743 | D:2      | Noticed Robin
   766 | D:2      | Reached skill level 4 in Unarmed Combat
   781 | D:2      | Killed Robin
  1113 | D:2      | Noticed Natasha
  1118 | D:2      | Killed Natasha
  1119 | D:2      | Gained mutation: You regenerate a little health from kills.
                  | [demonic ancestry]
  1119 | D:2      | Reached XP level 4. HP: 25/35 MP: 4/4
  1178 | D:2      | Noticed Natasha
  1185 | D:2      | Killed Natasha
  1186 | D:2      | Reached skill level 5 in Unarmed Combat
  1303 | D:2      | Found Tuqor's Assorted Antiques.
  1315 | D:2      | Bought a scroll labelled NUIK OGEMNE for 26 gold pieces
  1315 | D:2      | Bought a scroll labelled BOUNNO XOUW for 26 gold pieces
  1518 | D:2      | Noticed Natasha
  1525 | D:2      | Killed Natasha
  1526 | D:2      | Gained mutation: You are partially covered in razor-sharp
                  | scales. (AC +1, Slay +1) [demonic ancestry]
  1526 | D:2      | Reached XP level 5. HP: 41/41 MP: 5/5
  1632 | D:3      | Found Mun Woadd's Weapon Boutique.
  1778 | D:3      | Found a sacrificial altar of Ru.
  2486 | D:4      | Found a staircase to the Ecumenical Temple.
  2491 | Temple   | Entered the Ecumenical Temple
  2491 | Temple   | Noticed a Brimstone Fiend
  2491 | Temple   | Noticed a blizzard demon
  2492 | Temple   | Noticed Offag the pandemonium lord
  2492 | Temple   | Noticed a hell beast
  2492 | Temple   | Noticed Dybb the pandemonium lord
  2492 | Temple   | Noticed a blizzard demon
  2493 | Temple   | Noticed a sixfirhy
  2493 | Temple   | Noticed a hellwing
  2495 | Temple   | Noticed Yneiguha the pandemonium lord
  2495 | Temple   | Noticed a hellwing
  2496 | Temple   | Noticed a neqoxec
  2496 | Temple   | Noticed a Hell Sentinel
  2508 | Temple   | Became a worshipper of the Wu Jian Council
  2508 | Temple   | Reached * piety under Wu Jian
  2508 | Temple   | Reached ** piety under Wu Jian
  2535 | D:4      | Noticed a water moccasin
  2549 | D:4      | Killed a water moccasin
  2550 | D:4      | Reached skill level 6 in Unarmed Combat
  2550 | D:4      | Reached skill level 1 in Shapeshifting
  2550 | D:4      | Gained mutation: You have sharp fingernails. [demonic
                  | ancestry]
  2550 | D:4      | Reached XP level 6. HP: 17/47 MP: 6/6
  3255 | D:4      | Found a hide-covered altar of Uskayaw.
  3271 | D:4      | Gained mutation: You are mostly covered in razor-sharp
                  | scales. (AC +2, Slay +2) [demonic ancestry]
  3271 | D:4      | Reached XP level 7. HP: 29/53 MP: 7/7
  3486 | D:5      | Entered Level 5 of the Dungeon
  3715 | D:5      | Reached skill level 7 in Unarmed Combat
  3845 | D:5      | Noticed Eustachio
  3850 | D:5      | Noticed Duvessa
  3852 | D:5      | Noticed Dowan
  4153 | D:5      | Killed Dowan
  4161 | D:5      | Killed Duvessa
  4264 | D:5      | Found a shimmering blue altar of Sif Muna.
  4307 | D:6      | Reached XP level 8. HP: 61/61 MP: 8/8
  4422 | D:6      | Reached skill level 5 in Fighting
  4507 | D:6      | Reached skill level 8 in Unarmed Combat
  4789 | D:6      | Found a runed translucent door.
  4790 | D:6      | Noticed Crazy Yiuf
  4912 | D:6      | Killed Crazy Yiuf
  4976 | D:7      | Noticed a hornet
  5450 | D:7      | Reached skill level 9 in Unarmed Combat
  5450 | D:7      | Reached XP level 9. HP: 44/69 MP: 9/9
  5590 | D:7      | Paralysed by a hornet for 3 turns
  5915 | D:7      | Found a hazy altar of Hepliaklqana.
  5918 | D:7      | Found a snail-covered altar of Cheibriados.
  5923 | D:7      | Found a broken altar of Ashenzari.
  6142 | D:8      | Reached *** piety under Wu Jian
  6146 | D:8      | Reached skill level 1 in Armour
  6170 | D:8      | Identified the +8 hand axe of the Transmuting Owl {venom,
                  | rPois}
  6314 | D:8      | HP: 2/71 [wight/+0 halberd (12)]
  6314 | D:8      | Slain by a wight

Illustrated notes

Levels and vault maps discovered:
D:1:      reono_arrival_forest_river, layout_basic, st_stairs_3,
          minmay_pentomino_p4
D:2:      layout_basic, serial_shops, shop, uniq_robin, uniq_natasha
D:3:      layout_basic, nicolae_ru_sacrificial_ziggurat, serial_shops, shop,
          minivault_5
D:4:      layout_basic, mainiacjoe_overflow_catwalk, temple_doors_ab
D:5:      layout_cave_pools, hellmonk_sif_muna_bookshelves,
          kennysheep_generic_room_15, uniq_duvessa, uniq_eustachio
D:6:      layout_rooms, uniq_crazy_yiuf_cottage
D:7:      layout_cave_pools, grunt_temple_overflow_diamond
D:8:      layout_gridville, jmf_multi_god_temple, grunt_ministairs_9,
          uniq_psyche
Temple:   nicolae_temple_panitentiary

Skill      XL: |  1  2  3  4  5  6  7  8  9 |
---------------+----------------------------+-----
Unarmed Combat | 3 4 5 6 7 9 |  9.7
Shapeshifting  | 1 2 4 |  4.7
Fighting       | 4 6 |  6.6
Armour         | 1 |  1.7
Dodging        | 3 |  3.3

Action                     |  1- 3 |  4- 6 |  7- 9 || total
---------------------------+-------+-------+-------++-------
  Melee: Unarmed           |   132 |   159 |   249 ||   540
  Throw: Throwing net      |       |       |     1 ||     1
Ability: Lunge             |       |    13 |    26 ||    39
         Whirlwind         |       |     7 |    33 ||    40
    Use: Scroll            |       |     5 |     7 ||    12
         Potion            |       |       |     3 ||     3
 Armour: Robe              |    32 |       |       ||    32
         Chain mail        |    44 |    98 |   230 ||   372
  Dodge: Dodged            |    59 |    43 |    98 ||   200

Table legend: (Time is in decaauts)
 A = Elapsed time spent in this place.
 B = Non-inter-level travel time spent in this place.
 C = Inter-level travel time spent in this place.
 D = Time resting spent in this place.
 E = Time spent auto-exploring this place.
 F = Levels seen in this place.
 G = Mean time per level.
                   A        B        C        D        E       F      G
               +--------+--------+--------+--------+--------+-----+--------+
         Total |   6279 |   5938 |    341 |    626 |   4154 |   9 |  697.7 |
       Dungeon |   6244 |   5919 |    325 |    626 |   4154 |   8 |  780.5 |
        Temple |     34 |     18 |     16 |      0 |      0 |   1 |   34.0 |
               +--------+--------+--------+--------+--------+-----+--------+

Top non-repeatable levels by time:
     D:6: 1178 daAuts
     D:4: 1146 daAuts
     D:2: 914 daAuts
     D:3: 771 daAuts
     D:1: 708 daAuts
     D:5: 699 daAuts
     D:7: 654 daAuts
     D:8: 172 daAuts
  Temple: 34 daAuts
